 Dungeon Crawl Stone Soup version 0.29.1-1-gd02db6906a (webtiles) character file.

Game seed: 17593241709138577798

573 lonewolfV2 the Shield-Bearer (level 7, -3/60 HPs)
             Began as a Gnoll Fighter on Oct 15, 2022.
             Was an Initiate of Okawaru.
             Slain by Duvessa
             ... wielding a +0 short sword
              (9 damage)
             ... on level 4 of the Dungeon.
             The game lasted 00:12:02 (6595 turns).

lonewolfV2 the Shield-Bearer (Gnoll Fighter)        Turns: 6595, Time: 00:12:03

Health: -3/60      AC:  7    Str: 17    XL:     7   Next: 34%
Magic:  19/19      EV: 10    Int:  7    God:    Okawaru [......]
Gold:   226        SH:  5    Dex: 12    Spells: 11/11 levels left

rFire   . . .      SeeInvis .   n - +2 spear (flame)
rCold   . . .      Faith    .   c - +0 buckler
rNeg    . . .      Spirit   .   b - +0 scale mail
rPois   +          Reflect  .   (no helmet)
rElec   .          Harm     .   (no cloak)
rCorr   .          Rampage  .   (no gloves)
Will    .....                   (no boots)
Stlth   +.........              (no amulet)
HPRegen 0.20/turn               e - ring of poison resistance
MPRegen 0.16/turn               j - ring of magical power

@: no status effects
A: fangs 1, strong nose, distributed training
a: Renounce Religion


You were on level 4 of the Dungeon.
You worshipped Okawaru.
Okawaru was noncommittal.
You visited 2 branches of the dungeon, and saw 7 of its levels.

You collected 226 gold pieces.

Inventory:

Hand Weapons
 a - a +0 war axe
 n - a +2 spear of flaming (weapon)
Armour
 b - a +0 scale mail (worn)
 c - a +0 buckler (worn)
Jewellery
 e - a ring of poison resistance (left hand)
 h - a ring of resist corrosion
 j - a ring of magical power (right hand)
Wands
 l - a wand of mindburst (10)
 m - a wand of flame (11)
 s - a wand of roots (17)
 t - a wand of paralysis (9)
Scrolls
 o - 2 scrolls of teleportation
 p - a scroll of enchant weapon {unknown}
 q - a scroll of torment {unknown}
Potions
 d - 3 potions of might
 f - 3 potions of flight
 g - 2 potions of brilliance
 i - 2 potions of mutation
 k - 2 potions of degeneration


   Skills:
 + Level 7.0 Fighting
 + Level 2.5 Short Blades
 + Level 2.5 Long Blades
 + Level 5.2 Axes
 + Level 2.5 Maces & Flails
 + Level 2.5 Polearms
 + Level 2.5 Staves
 + Level 2.5 Ranged Weapons
 + Level 2.5 Throwing
 + Level 7.0 Armour
 + Level 2.5 Dodging
 + Level 2.5 Stealth
 + Level 7.0 Shields
 + Level 2.5 Unarmed Combat
 + Level 2.5 Spellcasting
 + Level 2.0 Conjurations
 + Level 2.0 Hexes
 + Level 2.0 Summonings
 + Level 2.0 Necromancy
 + Level 2.0 Translocations
 + Level 2.0 Transmutations
 + Level 2.0 Fire Magic
 + Level 2.0 Ice Magic
 + Level 2.0 Air Magic
 + Level 2.0 Earth Magic
 + Level 2.0 Poison Magic
 + Level 2.8 Invocations
 + Level 2.5 Evocations


You had 11 spell levels left.
You didn't know any spells.
Your spell library contained the following spells:

 Spells                   Type           Power      Damage    Failure   Level
 Beastly Appendage        Tmut           6%         N/A       50%         1
 Wereblood                Tmut           3%         N/A       65%         2
 Ozocubu's Armour         Ice            3%         N/A       86%         3
 Portal Projectile        Hex/Tloc       6%         N/A       86%         3
 Spider Form              Tmut/Pois      3%         N/A       86%         3
 Leda's Liquefaction      Hex/Erth       1%         N/A       99%         4
 Ozocubu's Refrigeration  Ice            1%         4d7       100%        7
 Call Canine Familiar     Summ           Unusable   N/A       N/A         3

Dungeon Overview and Level Annotations

Branches:
Dungeon (6/15)             Temple (1/1) D:5

Altars:
Ashenzari
Cheibriados
Dithmenos
Elyvilon
Gozag
Makhleb
Nemelex Xobeh
Okawaru
Vehumet
Xom
Yredelemnul
Zin
The Shining One

Annotations:
D:4 3 runed translucent doors, Dowan; Duvessa; quakins's ghost, amateur MfIE


Innate Abilities, Weirdness & Mutations

You have very sharp teeth.
Your uncanny sense of smell can sniff out nearby items.
Your experience applies equally to all skills.


Message History

There is a stone staircase leading down here.
You climb downwards.
Level annotation: 3 runed translucent doors, Dowan; Duvessa; quakins's ghost, amateur MfIE Duvessa hits you with a +0 short sword.
Quakins's ghost whispers, "Soon you will have time, lots of time..."
There is a stone staircase leading up, spattered with blood here.
You puncture Duvessa! You burn Duvessa.
Duvessa is moderately wounded.
Duvessa hits you with a +0 short sword!
You hit Duvessa. You burn Duvessa.
Duvessa is heavily wounded.
Duvessa barely misses you.
You hit Duvessa but do no damage.
Duvessa is heavily wounded.
Duvessa hits you with a +0 short sword!
You hit Duvessa. You burn Duvessa.
Duvessa is heavily wounded.
Duvessa hits you with a +0 short sword.
You barely miss Duvessa. You bite Duvessa, but do no damage.
Duvessa is heavily wounded.
Dowan closely misses you. Duvessa hits you with a +0 short sword.
You barely miss Duvessa.
Duvessa is heavily wounded.
Dowan casts a spell at you. The puff of frost hits you!
You block Duvessa's attack.
You hit Duvessa. You burn Duvessa.
Duvessa is severely wounded.
Dowan hits you but does no damage. Duvessa hits you with a +0 short sword.
You hit Duvessa. You burn Duvessa.
Duvessa is severely wounded.
Dowan hits you with a +1 dagger of freezing.
Dowan freezes you.
Duvessa says, "When magic and the sword combine, nothing stands against them."
Duvessa hits you with a +0 short sword!
* * * LOW HITPOINT WARNING * * *
Dowan gestures at you while chanting. The puff of flame hits you!
* * * LOW HITPOINT WARNING * * *
Duvessa hits you with a +0 short sword!
You die...

.........######
#............#.....
.............#♣...(
......#
.............+..(..
.......
.........#...+....(
....... ......h.#
#..+.(... ......
........###..#W..(. ....#
........#.)..#8..(. ....#
#......e@e########...#
#.......)..##..>.....#
###!............(...##
..........#.(##......#
∆#.........#.###......#
##...........##..........
#..##....................
#..##.#..####.............
##.#.....# #.......?.....


You could see Duvessa, Dowan and quakins's ghost.

Vanquished Creatures
  A black bear (D:5)
  An ogre (D:3)
  A jelly (D:5)
  A hound (D:3)
  Ijyb (D:3)
  Jessica (D:3)
  Terence (D:3)
  An iguana (D:5)
  2 orc wizards (D:3)
  3 gnolls
  4 adders
  A white imp (D:5)
  2 worms (D:3)
  4 dart slugs
  14 orcs
  3 ball pythons
  7 bats
  5 endoplasms
  3 giant cockroaches
  6 goblins
  6 hobgoblins
  4 jackals (D:1)
  4 quokkas
  2 frilled lizards (D:1)
  15 kobolds
  8 rats
101 creatures vanquished.

Notes
Turn   | Place    | Note
-------+----------+-------------------------------------------
     0 | D:1      | lonewolfV2 the Gnoll Fighter began the quest for the Orb.
     0 | D:1      | Reached XP level 1. HP: 23/23 MP: 1/1
    96 | D:1      | Reached XP level 2. HP: 22/29 MP: 2/2
   466 | D:1      | Reached XP level 3. HP: 34/35 MP: 3/3
   642 | D:1      | Reached skill level 1 in Invocations
  1051 | D:2      | Reached skill level 1 in Short Blades
  1051 | D:2      | Reached skill level 1 in Long Blades
  1051 | D:2      | Reached skill level 1 in Maces & Flails
  1051 | D:2      | Reached skill level 1 in Polearms
  1051 | D:2      | Reached skill level 1 in Staves
  1051 | D:2      | Reached skill level 1 in Ranged Weapons
  1051 | D:2      | Reached skill level 1 in Throwing
  1051 | D:2      | Reached skill level 1 in Dodging
  1051 | D:2      | Reached skill level 1 in Stealth
  1051 | D:2      | Reached skill level 1 in Unarmed Combat
  1051 | D:2      | Reached skill level 1 in Spellcasting
  1051 | D:2      | Reached skill level 1 in Evocations
  1528 | D:2      | Identified the +2 robe "Haubb" {Dex+5}
  1612 | D:2      | Reached XP level 4. HP: 37/41 MP: 5/5
  1878 | D:3      | Reached skill level 1 in Conjurations
  1878 | D:3      | Reached skill level 1 in Hexes
  1878 | D:3      | Reached skill level 1 in Summonings
  1878 | D:3      | Reached skill level 1 in Necromancy
  1878 | D:3      | Reached skill level 1 in Translocations
  1878 | D:3      | Reached skill level 1 in Transmutations
  1878 | D:3      | Reached skill level 1 in Fire Magic
  1878 | D:3      | Reached skill level 1 in Ice Magic
  1878 | D:3      | Reached skill level 1 in Air Magic
  1878 | D:3      | Reached skill level 1 in Earth Magic
  1878 | D:3      | Reached skill level 1 in Poison Magic
  2323 | D:3      | You fall into a shaft and drop 3 floors!
  2568 | D:5      | Entered Level 5 of the Dungeon
  2654 | D:5      | Reached XP level 5. HP: 39/47 MP: 7/7
  2747 | D:5      | Noticed a black bear
  2749 | D:5      | Found a staircase to the Ecumenical Temple.
  2758 | D:5      | Killed a black bear
  2759 | D:5      | Reached XP level 6. HP: 30/53 MP: 8/8
  3096 | Temple   | Entered the Ecumenical Temple
  3108 | Temple   | HP: 2/53 [poisoned by a gnoll]
  3807 | Temple   | Became a worshipper of Warmaster Okawaru
  3916 | D:5      | Reached skill level 5 in Axes
  4190 | D:4      | Found a runed translucent gate.
  4190 | D:4      | Found a runed translucent gate.
  4190 | D:4      | Found a runed translucent gate.
  4198 | D:4      | Noticed quakins's ghost (amateur MfIE)
  4621 | D:3      | Found a snail-covered altar of Cheibriados.
  4643 | D:3      | Noticed Jessica
  4651 | D:3      | Killed Jessica
  4823 | D:3      | Noticed Ijyb
  4846 | D:3      | Killed Ijyb
  4847 | D:3      | Reached XP level 7. HP: 26/60 MP: 10/10
  5495 | D:3      | Noticed Terence
  5508 | D:3      | Killed Terence
  6188 | D:4      | Noticed Duvessa
  6195 | D:4      | Noticed Dowan
  6595 | D:4      | Slain by Duvessa

Illustrated notes

Levels and vault maps discovered:
D:1:      kennysheep_arrival_seaside, layout_basic
D:2:      layout_basic, minmay_goblin_kobold_house
D:3:      layout_basic, cheibriados_altar_1, uniq_jessica, uniq_terence,
          uniq_ijyb
D:4:      kennysheep_big_flooded_room, layout_cave_pools,
          kiku_gazebo_garden_becter, serial_column_ruins,
          column_ruins_hut_ruined, column_ruins_corridor_water,
          column_ruins_open_small, column_ruins_open_small_water,
          column_ruins_open_small, column_ruins_open_tiny,
          column_ruins_columns_T, ebering_ghost_rock_garden, uniq_duvessa
D:5:      layout_basic, minmay_temple_entry_tees, chequers_ossuary_entry_cave,
          serial_bayou, serial_bayou_pond_d, serial_bayou_pond_d,
          serial_bayou_pond_d, serial_bayou_pond_d
D:6:      nicolae_cairo_tiling_large, layout_rooms,
          nicolae_qazlal_eye_of_the_storm, hangedman_abyss_or_decor_passed
Temple:   oiseaux_autumnal_temple

Skill      XL: |  1  2  3  4  5  6  7 |
---------------+----------------------+-----
Invocations    | 1 2 |  2.8
Short Blades   | 1 2 |  2.5
Long Blades    | 1 2 |  2.5
Maces & Flails | 1 2 |  2.5
Polearms       | 1 2 |  2.5
Staves         | 1 2 |  2.5
Ranged Weapons | 1 2 |  2.5
Throwing       | 1 2 |  2.5
Dodging        | 1 2 |  2.5
Stealth        | 1 2 |  2.5
Unarmed Combat | 1 2 |  2.5
Spellcasting   | 1 2 |  2.5
Evocations     | 1 2 |  2.5
Conjurations   | 1 2 |  2.0
Hexes          | 1 2 |  2.0
Summonings     | 1 2 |  2.0
Necromancy     | 1 2 |  2.0
Translocations | 1 2 |  2.0
Transmutations | 1 2 |  2.0
Fire Magic     | 1 2 |  2.0
Ice Magic      | 1 2 |  2.0
Air Magic      | 1 2 |  2.0
Earth Magic    | 1 2 |  2.0
Poison Magic   | 1 2 |  2.0
Axes           | 5 |  5.2
Fighting       | 7 |  7.0
Armour         | 7 |  7.0
Shields        | 7 |  7.0

Action                   |  1- 3 |  4- 6 |  7- 9 || total
-------------------------+-------+-------+-------++-------
Melee: War axe           |    84 |     3 |       ||    87
       Bite              |     2 |    16 |    10 ||    28
       Spear             |       |   138 |    76 ||   214
  Use: Scroll            |     4 |     9 |       ||    13
       Potion            |       |     3 |       ||     3
Armor: Scale mail        |    66 |    61 |    35 ||   162
Dodge: Dodged            |    46 |    65 |    42 ||   153
Block: Buckler           |    40 |    49 |    27 ||   116
